 Dungeon Crawl Stone Soup version 0.18.1-8-gdd0e5ea (webtiles) character file.

7265 manyhoops the Bludgeoner (level 11, 0/124 HPs)
             Began as an Ogre Berserker on May 30, 2016.
             Was a High Priest of Trog.
             Slain by an unseen horror (9 damage)
             ... on level 9 of the Dungeon.
             The game lasted 00:19:54 (11481 turns).

manyhoops the Bludgeoner (Ogre Berserker)          Turns: 11481, Time: 00:19:55

Health: 0/124      AC:  5    Str: 27    XL:     11   Next: 12%
Magic:  11/11      EV: 11    Int:  6    God:    Trog [*****.]
Gold:   193        SH:  0    Dex:  9    Spells: 0 memorised, 10 levels left

rFire  . . .     SeeInvis .     T - +11 Mace of Variability {chaos}
rCold  . . .     Gourm    +     b - +0 animal skin
rNeg   . . .     Faith    .     (shield currently unavailable)
rPois  .         Spirit   .     v - +1 hat
rElec  .         Dismiss  .     E - +0 cloak
rCorr  .         Reflect  .     (gloves unavailable)
SustAt .         Harm     .     (boots unavailable)
MR     +....                    z - amulet of the gourmand
Stlth  +.........               (no ring)
                                q - +1 ring of evasion

@: exhausted, slowed, very slow, somewhat resistant to hostile enchantments,
very unstealthy
A: unfitting armour, tough skin 1
a: Berserk, Trog's Hand, Brothers in Arms, Burn Spellbooks, Renounce Religion


You were on level 9 of the Dungeon.
You worshipped Trog.
Trog was extremely pleased with you.
You were very hungry.

You visited 1 branch of the dungeon, and saw 9 of its levels.

You collected 418 gold pieces.
You spent 225 gold pieces at shops.

Inventory:

Hand Weapons
 a - a +0 flail
 s - a +3 mace of holy wrath
 x - a +0 giant spiked club
 T - the +11 Mace of Variability (weapon) {chaos}
   (Trog gifted it to you on level 8 of the Dungeon)

   Each time it hits an enemy it has a different, random effect.
Missiles
 O - 10 tomahawks (quivered)
Armour
 b - a +0 animal skin (worn)
 v - a +1 hat (worn)
 E - a +0 cloak (worn)
Jewellery
 q - a +1 ring of evasion (left hand)
 z - an amulet of the gourmand (around neck)
 K - an uncursed amulet of regeneration {unknown}
Wands
 r - a wand of random effects (31/48)
 t - a wand of paralysis (10/24)
 y - a wand of polymorph (10/24)
 B - a wand of iceblast (12/15)
 G - a wand of confusion (21/48)
 Q - a wand of digging (10/24)
Scrolls
 d - 5 scrolls of teleportation
 g - 5 scrolls of remove curse
 h - a scroll of random uselessness
 j - 2 scrolls of fear
 l - 2 scrolls of immolation
 n - 2 scrolls of enchant weapon
 p - 4 scrolls of fog {unknown}
 D - 2 scrolls of enchant armour {unknown}
 N - 3 scrolls of blinking {unknown}
 R - a scroll of identify
 S - a scroll of amnesia {unknown}
Potions
 e - 3 potions of haste
 i - 2 potions of magic
 k - 3 potions of curing
 m - 2 potions of flight
 o - a potion of resistance
 u - 2 potions of might
 w - 2 potions of degeneration
 A - a potion of heal wounds
 C - a potion of cancellation
 H - a potion of mutation {unknown}
 I - a potion of berserk rage {unknown}
 J - a potion of agility
 L - a potion of cure mutation {unknown}
Comestibles
 c - 5 bread rations
 f - 4 beef jerkies
 F - 2 slices of pizza
 M - 8 fruits
 P - 9 royal jellies


   Skills:
 + Level 12.6 Fighting
 * Level 17.0 Maces & Flails
 - Level 0.2 Throwing
 - Level 2.6 Dodging


You had 10 spell levels left.
You didn't know any spells.

Dungeon Overview and Level Annotations

Branches:
Dungeon (9/15)             Temple (0/1) D:5            Lair (0/8) D:8
    Orc: D:9-12

Altars:
Dithmenos
Fedhas
Ru
Sif Muna
Vehumet
Xom
Yredelemnul

Shops:
D:5 *   D:6 *

Annotations:
D:4 exclusion: statue


Innate Abilities, Weirdness & Mutations

You are too large for most types of armour.
You have tough skin (AC +1).


Message History

Something hits you!
You feel sick. Something hits you. Something hits you. Something hits you. x2
* * * LOW HITPOINT WARNING * * *
You feel sick. Something completely misses you. Something hits you!
* * * LOW HITPOINT WARNING * * *
You feel better. Something hits you.
* * * LOW HITPOINT WARNING * * *
Something hits you.
* * * LOW HITPOINT WARNING * * *
Something hits you!
* * * LOW HITPOINT WARNING * * *
Something hits you!
* * * LOW HITPOINT WARNING * * *
Something hits you but does no damage. Something hits you!
* * * LOW HITPOINT WARNING * * *
Something hits you but does no damage. Something hits you!
You die...

.#..#.#.#......####..##........#
....#.#.....................)..#
......#...##.................#
...##)....##...####..#.......#
.............................#
...#.....#####........รท......#
.....##......#..#.#............#
.......#####.#..#..............#
##........ #.#..@#.....###.....#
#........##.#..<......# ######
#.##..................###....
#.##.............##..........
#.................#.....#....
#............#.#..........
#............#.#..........
##...#....................
#....#....#.............##


There were no monsters in sight!

Vanquished Creatures
  3 orc knights (D:8)
  A two-headed ogre (D:9)
  Menkaure (D:6)
  14 wargs (D:8)
  2 soldier ants (D:8)
  A water moccasin (D:6)
  2 ice beasts
  8 orc warriors (D:8)
  2 phantoms
  5 centaurs
  4 ogres
  3 giant frogs
  A gnoll sergeant (D:8)
  A water moccasin zombie (D:7)
  A scorpion (D:4)
  6 killer bees
  2 howler monkeys
  6 crimson imps
  5 hounds
  2 orc priests
  A centaur skeleton (D:5)
  A giant frog skeleton (D:5)
  An orc wizard (D:4)
  8 worker ants
  A hound zombie (D:7)
  A hound skeleton (D:6)
  17 adders
  15 gnolls
  A shadow imp (D:8)
  An adder skeleton (D:6)
  3 worms
  10 dart slugs
  4 giant geckos
  51 orcs
  6 bats
  7 giant cockroaches
  3 hobgoblins
  13 jackals
  3 quokkas (D:5)
  3 ball pythons
  A ball python skeleton (D:4)
  A giant gecko skeleton (D:4)
  9 giant newts
  7 goblins
  A jackal skeleton (D:4)
  5 kobolds
  9 rats
253 creatures vanquished.

Vanquished Creatures (others)
  A plant (D:8)
1 creature vanquished.

Grand Total: 254 creatures vanquished

Notes
Turn   | Place    | Note
--------------------------------------------------------------
     0 | D:1      | manyhoops the Ogre Berserker began the quest for the Orb.
     0 | D:1      | Reached XP level 1. HP: 24/24 MP: 1/1
   227 | D:1      | Reached XP level 2. HP: 27/33 MP: 2/2
   578 | D:2      | Reached XP level 3. HP: 36/41 MP: 3/3
   608 | D:2      | Reached skill level 5 in Fighting
   636 | D:2      | HP: 2/42 [poisoned by an adder]
   940 | D:2      | Found a faded altar to an unknown god.
   949 | D:2      | Reached ** piety under Trog
   978 | D:2      | Reached skill level 5 in Maces & Flails
  1060 | D:2      | Reached XP level 4. HP: 39/50 MP: 4/4
  1767 | D:2      | Reached XP level 5. HP: 59/59 MP: 5/5
  1881 | D:2      | Found a shimmering altar of Xom.
  2164 | D:2      | Reached skill level 6 in Maces & Flails
  2344 | D:3      | Found a blossoming altar of Fedhas.
  2552 | D:3      | Found a basalt altar of Yredelemnul.
  2689 | D:3      | Reached XP level 6. HP: 46/68 MP: 6/6
  2694 | D:3      | Reached *** piety under Trog
  2733 | D:3      | Reached skill level 7 in Maces & Flails
  3952 | D:4      | Found a radiant altar of Vehumet.
  3964 | D:4      | Reached skill level 8 in Maces & Flails
  3972 | D:4      | Reached XP level 7. HP: 78/78 MP: 7/7
  4050 | D:4      | Reached skill level 9 in Maces & Flails
  4534 | D:5      | Entered Level 5 of the Dungeon
  4582 | D:5      | Reached XP level 8. HP: 74/88 MP: 8/8
  4616 | D:5      | Reached skill level 10 in Maces & Flails
  4709 | D:5      | Found a staircase to the Ecumenical Temple.
  4734 | D:5      | Reached **** piety under Trog
  5082 | D:5      | Found Aclekhlou's Assorted Antiques.
  5085 | D:5      | Bought a scroll of identify for 40 gold pieces
  5085 | D:5      | Bought a cloak for 90 gold pieces
  5085 | D:5      | Bought a scroll of identify for 40 gold pieces
  5834 | D:6      | Found a sacrificial altar of Ru.
  6100 | D:6      | Reached skill level 11 in Maces & Flails
  6204 | D:6      | Noticed Menkaure
  6227 | D:6      | Killed Menkaure
  6335 | D:6      | Found a deep blue altar of Sif Muna.
  6649 | D:6      | Found a shadowy altar of Dithmenos.
  6901 | D:6      | Reached skill level 12 in Maces & Flails
  6908 | D:6      | Found Xygosef's General Store.
  6916 | D:6      | Bought a scroll of identify for 22 gold pieces
  6916 | D:6      | Bought a scroll of teleportation for 33 gold pieces
  6981 | D:6      | Reached XP level 9. HP: 86/100 MP: 9/9
  7321 | D:7      | Reached skill level 10 in Fighting
  7416 | D:7      | Reached skill level 13 in Maces & Flails
  7519 | D:7      | Found a shadowy altar of Dithmenos.
  8085 | D:7      | Reached skill level 14 in Maces & Flails
  8602 | D:8      | Reached ***** piety under Trog
  8700 | D:8      | Reached XP level 10. HP: 99/113 MP: 10/10
  9254 | D:8      | Reached skill level 15 in Maces & Flails
  9306 | D:8      | Noticed an orc knight
 10451 | D:8      | Noticed an orc knight
 10547 | D:8      | Killed an orc knight
 10547 | D:8      | Reached skill level 16 in Maces & Flails
 10601 | D:8      | Killed an orc knight
 10785 | D:8      | Found a staircase to the Lair.
 11143 | D:8      | Received a gift from Trog
 11354 | D:8      | Noticed an orc knight
 11361 | D:8      | Killed an orc knight
 11361 | D:8      | Reached XP level 11. HP: 124/124 MP: 11/11
 11455 | D:9      | Reached skill level 17 in Maces & Flails
 11481 | D:9      | Slain by an unseen horror

Skill      XL: |  1  2  3  4  5  6  7  8  9 10 11 |
---------------+----------------------------------+-----
Fighting       | 5 6 7 8 9 11 12 | 12.6
Maces & Flails | 5 6 8 9 12 14 16 17 | 17.0
Throwing       | |  0.2
Dodging        | |  2.6

Action                   |  1- 3 |  4- 6 |  7- 9 | 10-12 || total
-------------------------+-------+-------+-------+-------++-------
Melee: Mace              |    90 |   222 |   372 |   252 ||   936
       Great mace        |       |       |       |    24 ||    24
Throw: Stone             |       |     3 |       |       ||     3
       Tomahawk          |       |       |       |     2 ||     2
Invok: Burn Spellbooks   |     1 |       |       |       ||     1
       Berserk           |       |     3 |     6 |    11 ||    20
       Trog's Hand       |       |       |     1 |       ||     1
  Use: Scroll            |     4 |     3 |     8 |     1 ||    16
       Potion            |       |       |       |     1 ||     1
 Stab: Sleeping          |     1 |       |     1 |       ||     2
  Eat: Chunk             |       |    10 |    24 |    14 ||    48
       Beef jerky        |       |     1 |       |       ||     1
       Meat ration       |       |       |     1 |       ||     1
Armor: Animal skin       |    32 |    55 |    76 |    40 ||   203
Dodge: Dodged            |    64 |   139 |   190 |   119 ||   512
